Map: Sequencer LE

Players

Namshar - Winner!

  • Race: Zerg Zerg
  • Spawn Location: 7:00

Solbessx

  • Race: Zerg Zerg
  • Spawn Location: 1:00

Event: WCS Valencia 2017

VOD

Have the link to the VOD?

Description

Time

  • Played on: July 13, 2017, 6:39 a.m.
  • Length: 10:25

All games in this series

Show
View Real Time Build Order
Export as new Build Order

Namshar Zerg - Winner!

Build Orders: Hatch First 

Get SALT Encoding   

  12  0:01  Drone  
  13  0:12  Overlord  
  13  0:16  Drone  
  14  0:30  Drone x2  
  14  0:34  Drone  
  17  0:44  Drone  
  18  0:55  Hatchery  
  17  0:57  Drone  
  18  1:05  Extractor  
  17  1:12  Spawning Pool  
  17  1:15  Drone  
  17  1:18  Drone  
  18  1:28  Drone  
  19  1:42  Overlord  
  19  1:52  Drone  
  20  1:58  Queen  
  20  2:00  Zergling x2  
  23  2:06  Queen  
  23  2:07  Zergling x2  
  23  2:08  Metabolic Boost  
  26  2:12  Zergling x2  
  27  2:20  Drone  
  28  2:24  Drone  
  28  2:29  Drone  
  30  2:33  Drone  
  31  2:41  Hatchery  
  31  2:43  Drone  
  31  2:44  Drone  
  32  2:49  Overlord  
  32  3:04  Overlord  
  32  3:09  Zergling x2  
  32  3:10  Zergling x2  
  34  3:14  Roach Warren, Evolution Chamber  
  34  3:17  Evolution Chamber  
  34  3:18  Zergling x6  
  34  3:24  Zergling x2  
  34  3:25  Zergling x2  
  35  3:36  Zergling x2  
  35  3:37  Zergling x8  
  35  3:49  Zergling x6  
  35  3:50  Zergling x2  
  35  3:52  Zergling x4  
  35  3:53  Zergling x2  
  34  3:59  Zergling x4  
  35  4:06  Queen  
  36  4:20  Baneling Nest  
  36  4:21  Queen  
  37  4:24  Drone  
  37  4:31  Baneling Nest  
  35  4:44  Drone  
  35  4:45  Drone x6  
  39  4:51  Drone x2  
  41  4:58  Queen  
  43  5:10  Zergling x12  
  49  5:21  Baneling  
  48  5:29  Zergling x2  
  48  5:30  Zergling x14  
  56  5:37  Zergling x2  
  56  5:38  Zergling x4  
  55  5:44  Roach Warren, Zergling x6  
  56  5:50  Baneling x2  
  56  5:55  Queen  
  57  5:57  Zergling x2  
  57  5:58  Zergling x2  
  56  6:04  Overlord x2  
  56  6:16  Drone x3  
  56  6:17  Overlord  
  57  6:26  Drone x6  
  58  6:40  Extractor  
  58  6:41  Extractor, Drone x7  
  58  6:46  Overlord  
  63  6:48  Drone  
  63  6:49  Zerg Missile Weapons Level 1  
  64  6:57  Overlord  
  64  7:09  Roach x7  
  77  7:21  Lair  
  77  7:25  Drone x6  
  83  7:30  Roach  
  83  7:31  Roach x2  
  83  7:32  Overlord  
  83  7:35  Overlord  
  89  7:41  Drone x2  
  89  7:43  Overlord  
  91  7:47  Overlord  
  89  7:57  Drone x2  
  89  7:58  Drone x5  
  82  8:08  Extractor  
  82  8:12  Drone x2  
  83  8:13  Drone  
  83  8:18  Roach x7  
  98  8:22  Extractor  
  98  8:23  Extractor  
  98  8:26  Glial Reconstitution  
  96  8:30  Overseer  
  96  8:38  Drone x4  
  100  8:55  Overlord x2  
  100  8:58  Roach x2  
  100  8:59  Hatchery  
  103  9:08  Roach x5  
  103  9:09  Roach  
  115  9:12  Zergling x4  
  115  9:13  Zergling x2  
  118  9:17  Zergling x6  
  118  9:18  Zergling x2  
  118  9:19  Zergling x2  
  118  9:21  Zergling x2  
  124  9:28  Infestation Pit, Drone  
  124  9:35  Queen  
  126  9:39  Queen  
  126  9:40  Spore Crawler, Drone  
  126  9:42  Drone  
  126  9:43  Spore Crawler  
  128  9:46  Spore Crawler  
  128  9:48  Drone  
  117  10:01  Drone  
  117  10:02  Hydralisk Den  
Show
View Real Time Build Order
Export as new Build Order

Solbessx Zerg 

Build Orders: Pool First, Zergling Baneling 

Get SALT Encoding   

  12  0:00  Drone  
  13  0:12  Overlord  
  13  0:17  Drone  
  14  0:30  Drone x2  
  14  0:34  Drone  
  17  0:42  Extractor  
  17  0:45  Drone  
  17  0:51  Spawning Pool  
  17  0:56  Drone  
  17  1:16  Hatchery  
  16  1:20  Drone  
  16  1:25  Drone  
  18  1:30  Drone  
  19  1:42  Metabolic Boost  
  19  1:47  Queen  
  21  1:54  Overlord  
  21  2:01  Zergling x2  
  22  2:14  Zergling x4  
  25  2:22  Zergling x2  
  25  2:27  Baneling Nest  
  25  2:28  Queen, Zergling x2  
  27  2:32  Zergling x2  
  28  2:42  Zergling x2  
  29  2:45  Zergling x2  
  29  2:50  Zergling x2  
  31  2:57  Zergling x8  
  35  3:05  Zergling x2  
  36  3:07  Overlord  
  36  3:20  Baneling x5  
  35  3:27  Drone x3  
  38  3:36  Drone x2  
  36  3:50  Drone x5  
  36  3:53  Drone  
  39  3:59  Zergling x4  
  38  4:05  Drone x2  
  37  4:11  Roach Warren  
  37  4:13  Zergling x2  
  37  4:16  Zergling x2  
  38  4:18  Baneling x2  
  38  4:19  Baneling  
  38  4:26  Overlord  
  37  4:31  Queen  
  33  4:48  Zergling x2  
  33  4:49  Zergling x12  
  37  4:55  Roach  
  39  5:02  Roach x2  
  43  5:13  Drone x3  
  43  5:14  Drone x2  
  48  5:23  Baneling  
  48  5:24  Baneling, Drone  
  49  5:34  Roach  
  51  5:38  Overlord  
  50  5:43  Zergling x4  
  50  5:49  Overlord  
  49  6:06  Roach x3  
  51  6:12  Roach x3  
  51  6:14  Zergling x4  
  51  6:16  Hatchery  
  53  6:22  Baneling x2  
  53  6:27  Roach x3  
  53  6:31  Drone  
  53  6:32  Drone  
  60  6:41  Lair  
  60  6:42  Drone x3  
  60  6:43  Extractor, Drone  
  60  6:46  Drone  
  64  7:07  Drone, Overlord  
  64  7:08  Drone x3  
  67  7:09  Evolution Chamber, Overlord  
  67  7:11  Hatchery  
  65  7:18  Extractor  
  65  7:20  Drone x3  
  65  7:22  Baneling x4  
  67  7:30  Extractor  
  67  7:32  Roach x5  
  76  7:47  Drone x4  
  76  8:01  Spire  
  73  8:06  Zergling x8  
  73  8:08  Hatchery  
  73  8:12  Glial Reconstitution  
  76  8:14  Queen  
  76  8:15  Overlord x2  
  76  8:19  Overseer  
  78  8:23  Zerg Missile Weapons Level 1  
  78  8:30  Zergling x4  
  78  8:31  Zergling x2  
  81  8:38  Drone  
  81  8:39  Drone x6  
  88  8:44  Drone x2  
  88  8:45  Drone  
  91  8:49  Overlord  
  91  8:51  Overlord  
  90  9:06  Unknown  
  88  9:12  Overlord  
  88  9:13  Mutalisk  
  88  9:14  Mutalisk x4  
  98  9:21  Mutalisk  
  100  9:26  Roach x2  
  104  9:31  Roach x2  
  104  9:32  Roach  
  104  9:34  Extractor, Drone x2  
  104  9:35  Extractor  
  110  9:51  Roach x8  
  118  9:59  Mutalisk  
  97  10:03  Drone x3  
Tags
 
Add a new tag
Caveats
  • Supply blocks, unpowered buildings, or Contaminate may cause inaccurate times.
  • Supply counts are checked every 10 seconds.